 Dungeon Crawl Stone Soup version 0.23.0-3-gf3c87f2df8 (webtiles) character file.

Game seed: 15661543079685121656

2058 Sondor the Skirmisher (level 9, -7/68 HPs)
             Began as a Demonspawn Chaos Knight on Feb 22, 2019.
             Was a Plaything of Xom.
             Mangled by a two-headed ogre
             ... wielding a +0 giant spiked club
              (21 damage)
             ... on level 8 of the Dungeon.
             The game lasted 00:11:52 (5582 turns).

Sondor the Skirmisher (Demonspawn Chaos Knight)     Turns: 5582, Time: 00:11:54

Health: -7/68      AC: 11    Str: 16    XL:     9   Next: 5%
Magic:  0/9        EV:  7    Int: 14    God:    Xom [..*...]
Gold:   269        SH:  0    Dex: 12    Spells: 8/8 levels left

rFire    + . .     SeeInvis .   p - +1 hand axe (chop)
rCold    . . .     Gourm    .   q - +1 buckler
rNeg     . . .     Faith    .   b - +3 leather armour
rPois    .         Spirit   +   o - +2 helmet
rElec    .         Reflect  +   (no cloak)
rCorr    .         Harm     .   (no gloves)
MR       .....                  (no boots)
Stlth    +.........             i - +6 amulet of reflection
HPRegen  0.21/turn              (no ring)
MPRegen  0.11/turn              (no ring)

@: marked, held
A: talons 2, slimy green scales 1, fire resistance 1, magic shield
a: Renounce Religion


You were on level 8 of the Dungeon.
You worshipped Xom.
You were a toy of Xom.
You were not hungry.

You visited 1 branch of the dungeon, and saw 6 of its levels.
You also visited: Ossuary.

You collected 269 gold pieces.

Inventory:

Hand Weapons
 a - a +0 falchion of chaos
 p - a +1 hand axe of chopping (weapon)
Armour
 b - a +3 leather armour (worn)
 o - a +2 helmet (worn)
 q - a +1 buckler (worn)
 u - a +0 cloak
Jewellery
 i - a +6 amulet of reflection (around neck)
 k - an uncursed ring of wizardry
 s - an uncursed amulet of magic regeneration
 x - a cursed ring of attention {unknown}
Wands
 g - a wand of enslavement (4)
 t - a wand of flame (22)
 v - a wand of random effects (19)
 y - a wand of polymorph (4)
 z - a wand of disintegration (4)
Scrolls
 d - 4 scrolls of identify
 f - a scroll of fog
 h - 3 scrolls of remove curse
 l - a scroll of teleportation
 r - a scroll of amnesia
Potions
 e - a potion of magic
 j - a potion of curing
 m - 4 potions of haste
 n - 3 potions of brilliance
 w - a potion of mutation {unknown}
Comestibles
 c - 9 rations


   Skills:
 + Level 5.3 Fighting
 + Level 4.5 Long Blades
 + Level 5.3 Axes
 + Level 3.9 Armour
 + Level 4.1 Dodging
 + Level 1.4 Stealth
 + Level 4.5 Shields
 + Level 0.4 Evocations


You had 8 spell levels left.
You didn't know any spells.
Your spell library was empty.

Dungeon Overview and Level Annotations

Branches:
Dungeon (5/15)             Temple (0/1) D:5

Altars:
Elyvilon
Makhleb
Ru
Uskayaw
Vehumet
Xom
Yredelemnul
The Shining One

Shops:
D:5 [

Annotations:
D:8 Harold


Innate Abilities, Weirdness & Mutations

You have razor-sharp toenails.
You are partially covered in slimy green scales. (AC +2)
Your flesh is heat resistant. (rF+)
When hurt, damage is shared between your health and your magic reserves.


Message History

The two-headed ogre hits you with a +0 giant club.
You shred the net and break free!
Harold throws a throwing net.
The throwing net completely misses you.
You hit the two-headed ogre.
The two-headed ogre is moderately wounded.
The two-headed ogre misses you. The two-headed ogre barely misses you.
Harold throws a throwing net.
The throwing net hits you.
You become entangled in the net!
You struggle against the net.
The two-headed ogre hits you with a +0 giant spiked club!
The two-headed ogre hits you with a +0 giant club.
* * * LOW HITPOINT WARNING * * *
You struggle against the net.
Harold hits you with a +2 battleaxe of flaming.
* * * LOW HITPOINT WARNING * * *
Harold burns you.
* * * LOW HITPOINT WARNING * * *
The two-headed ogre hits you with a +0 giant spiked club!!
You die...
Xom giggles madly!

#....###### #
#....#....# #
#...รท#....####
#.........#...
######....#...
###....#...
########..........
#(.....'..........
#@######..........
#.O@....#########...
#.#.###.#########...
#+#.. #...........
... #......#####
.... #......# ....
#......# .....#
####'### #.#


You could see Harold and a two-headed ogre.

Vanquished Creatures
  A hornet (D:4)
  A wraith (Ossuary)
  Menkaure (D:4)
  2 black bears
  An ice beast (D:4)
  A sky beast (D:8)
  A phantom (D:4)
  An ogre (D:8)
  3 bullfrogs (D:8)
  A centaur zombie (D:8)
  2 hounds (D:4)
  A jelly (D:8)
  2 orc wizards (D:8)
  A gnoll shaman (D:8)
  A worker ant (D:5)
  2 mummies
  A worker ant zombie (D:8)
  8 gnolls
  6 adders
  2 oozes
  A worm (D:2)
  A dart slug (D:2)
  3 leopard geckos
  8 orcs
  A ball python (D:3)
  4 bats
  2 giant cockroaches
  6 goblins
  13 hobgoblins
  3 jackals (D:3)
  5 kobolds
  3 quokkas
  4 frilled lizards
  3 gnoll skeletons (Ossuary)
  2 goblin zombies (D:4)
  6 kobold skeletons (Ossuary)
  A leopard gecko skeleton (D:3)
  16 orc skeletons (Ossuary)
  11 rats
132 creatures vanquished.

Vanquished Creatures (collateral kills)
  Joseph (D:8)
  A hound (D:4)
  A worker ant (D:4)
3 creatures vanquished.

Vanquished Creatures (others)
  11 toadstools (D:5)
11 creatures vanquished.

Grand Total: 146 creatures vanquished

Notes
Turn   | Place    | Note
-------+----------+-------------------------------------------
     0 | D:1      | Sondor the Demonspawn Chaos Knight began the quest for the
                  | Orb.
     0 | D:1      | Reached XP level 1. HP: 18/18 MP: 1/1
    27 | D:1      | Gained mutation: When hurt, damage is shared between your
                  | health and your magic reserves. [demonic ancestry]
    27 | D:1      | Reached XP level 2. HP: 23/24 MP: 2/2
   112 | D:1      | XOM: potion effect (might)
   375 | D:1      | Reached skill level 1 in Dodging
   386 | D:1      | Gained mutation: You have sharp toenails. [demonic
                  | ancestry]
   386 | D:1      | Reached XP level 3. HP: 24/29 MP: 3/3
   754 | D:2      | XOM: silly message
  1226 | D:2      | XOM: mild Tloc miscast
  1253 | D:3      | Noticed a black bear
  1269 | D:3      | Killed a black bear
  1269 | D:3      | Gained mutation: Your flesh is heat resistant. (rF+)
                  | [demonic ancestry]
  1269 | D:3      | Reached XP level 4. HP: 7/37 MP: 2/4
  1269 | D:3      | Gained mutation: You are partially covered in slimy green
                  | scales. (AC +2) [demonic ancestry]
  1269 | D:3      | Reached XP level 5. HP: 8/42 MP: 2/5
  1646 | D:3      | Found a white marble altar of Elyvilon.
  1725 | D:3      | XOM: mild Air miscast
  1886 | D:3      | Found a basalt altar of Yredelemnul.
  1891 | D:3      | Found a glowing golden altar of the Shining One.
  1893 | D:3      | Noticed an angel
  2050 | D:4      | Found a sacrificial altar of Ru.
  2054 | D:4      | Noticed a phantom
  2115 | D:4      | XOM: cast spell 'Summon Horrible Things'
  2118 | D:4      | Killed a phantom
  2118 | D:4      | Reached XP level 6. HP: 38/49 MP: 4/6
  2167 | D:4      | Found a sand-covered staircase.
  2171 | D:4      | XOM: scenery: create altars
  2222 | Ossuary  | Entered an ossuary
  2222 | Ossuary  | Noticed a wraith
  2222 | Ossuary  | Noticed a wraith
  2222 | Ossuary  | Noticed a wraith
  2295 | Ossuary  | XOM: scenery: 3 doors open
  2492 | Ossuary  | XOM: god gift: scroll labeled TOSIVV XOTO {god gift}
  2521 | Ossuary  | Noticed a wraith
  2550 | Ossuary  | XOM: 8-stop teleportation journey
  2558 | Ossuary  | Killed a wraith
  2558 | Ossuary  | Reached skill level 1 in Axes
  2558 | Ossuary  | Reached skill level 1 in Shields
  2558 | Ossuary  | Gained mutation: You have razor-sharp toenails. [demonic
                  | ancestry]
  2558 | Ossuary  | Reached XP level 7. HP: 27/55 MP: 4/7
  2730 | Ossuary  | XOM: medium Tmut miscast
  2898 | D:4      | Noticed Menkaure
  2900 | D:4      | XOM: smoke on damage
  2902 | D:4      | XOM: butterfly on damage
  2914 | D:4      | Killed Menkaure
  3067 | D:4      | XOM: 6-stop teleportation journey
  3336 | D:4      | Found a radiant altar of Vehumet.
  3583 | D:5      | Entered Level 5 of the Dungeon
  3583 | D:5      | Found a burning altar of Makhleb.
  3583 | D:5      | Noticed a hornet
  3591 | D:4      | HP: 1/55 [hornet (4)]
  3718 | D:4      | XOM: harmless Necr miscast
  3905 | D:4      | XOM: summons friendly white imp
  3907 | D:4      | Killed a hornet
  3907 | D:4      | Reached skill level 1 in Stealth
  4000 | D:4      | XOM: harmless Hex miscast
  4197 | D:5      | Reached XP level 8. HP: 59/61 MP: 8/8
  4216 | D:5      | Found Vivoq's Antique Armour Emporium.
  4283 | D:5      | XOM: scenery: create altars
  4332 | D:5      | Found a staircase to the Ecumenical Temple.
  4340 | D:5      | XOM: 1-stop teleportation journey
  4387 | D:5      | You fall through a shaft for 3 floors!
  4455 | D:8      | Found a hide-covered altar of Uskayaw.
  4456 | D:8      | HP: 2/61 [orc/+0 flail (2)]
  4471 | D:8      | XOM: 6-stop teleportation journey
  4519 | D:8      | XOM: scenery: 1 doors open
  4520 | D:8      | XOM: cast spell 'Olgreb's Toxic Radiance'
  4525 | D:8      | XOM: enchant monster (good)
  4726 | D:8      | XOM: potion effect (heal wounds)
  4788 | D:8      | Noticed Joseph
  4797 | D:8      | XOM: cast spell 'Alistair's Intoxication'
  4798 | D:8      | XOM: summons 2 friendly demons
  4800 | D:8      | Reached skill level 5 in Fighting
  4807 | D:8      | Killed Joseph
  5173 | D:8      | Reached skill level 5 in Axes
  5277 | D:8      | XOM: god gift: ration
  5320 | D:8      | Reached XP level 9. HP: 63/68 MP: 9/9
  5572 | D:8      | Noticed a two-headed ogre
  5574 | D:8      | Noticed Harold
  5582 | D:8      | Mangled by a two-headed ogre

Skill      XL: |  1  2  3  4  5  6  7  8 |
---------------+-------------------------+-----
Long Blades    | 3 4 |  4.5
Armour         | 2 3 |  3.9
Dodging        | 1 2 3 4 |  4.1
Fighting       | 4 5 |  5.3
Axes           | 1 3 5 |  5.3
Shields        | 1 2 4 |  4.5
Stealth        | 1 |  1.4
Evocations     | |  0.4

Action                   |  1- 3 |  4- 6 |  7- 9 || total
-------------------------+-------+-------+-------++-------
Melee: Falchion          |    95 |    55 |       ||   150
       Kick              |    15 |    27 |    64 ||   106
       Hand axe          |       |    70 |   224 ||   294
Evoke: Wand              |       |     1 |     3 ||     4
  Use: Scroll            |     8 |     5 |    12 ||    25
       Potion            |       |     2 |     3 ||     5
 Stab: Sleeping          |       |     1 |       ||     1
       Distracted        |       |       |     1 ||     1
  Eat: Ration            |     1 |     1 |     1 ||     3
       Chunk             |       |       |     5 ||     5
Armor: Leather armour    |    48 |    54 |    64 ||   166
Dodge: Dodged            |    60 |    51 |   124 ||   235
Block: Buckler           |       |    30 |   142 ||   172
       Reflection        |       |       |     1 ||     1
       Rpst.: Falchion   |    15 |     7 |       ||    22
